 Dungeon Crawl Stone Soup version 0.17-a0-1093-g0b3cd89 (webtiles) character file.

136 onwiheg the Slasher (level 4, -2/38 HPs)
             Began as a Centaur Fighter on May 20, 2015.
             Slain by an ogre
             ... wielding a cursed +0 giant spiked club
              (27 damage)
             ... on level 4 of the Dungeon.
             The game lasted 00:05:20 (2212 turns).

onwiheg the Slasher (Centaur Fighter)               Turns: 2212, Time: 00:05:20

Health: -2/38      AC:  4    Str: 19    XL:     4   Next: 98%
Magic:  0/4        EV:  8    Int:  7    God:
Gold:   122        SH:  3    Dex:  9    Spells: 0 memorised, 3 levels left

rFire  . . .     SeeInvis .     a - +0 long sword
rCold  + . .     Clarity  .     y - -1 ring mail (curse)
rNeg   . . .     SustAb   .     s - +0 buckler (curse)
rPois  .         Gourm    .     (no helmet)
rElec  .         Spirit   +     (no cloak)
rCorr  .         Warding  .     (no gloves)
rMut   .         Stasis   .     (no barding)
MR     .....                    j - amulet of guardian spirit
Stlth  ..........               r - ring of loudness (curse)
                                q - ring of protection from cold

@: very quick, not resistant to hostile enchantments, extremely unstealthy
A: hooves 3, deformed body, speed 2, tough skin 3
a: no special abilities


You were on level 4 of the Dungeon.
You were not hungry.

You visited 1 branch of the dungeon, and saw 4 of its levels.

You collected 122 gold pieces.

Inventory:

Hand weapons
 a - a +0 long sword (weapon)
 o - a +0 flail of protection
Missiles
 k - 28 poisoned needles
Armour
 b - a +0 scale mail
 c - a +0 shield
 s - a cursed +0 buckler (worn)
 y - a cursed -1 ring mail (worn)
Jewellery
 j - an amulet of guardian spirit (around neck)
 q - a ring of protection from cold (left hand)
 r - a cursed ring of loudness (right hand)
 u - an uncursed ring of magical power {unknown}
Magical devices
 x - a wand of polymorph (12)
Scrolls
 g - 2 scrolls of identify {unknown}
 h - 2 scrolls of recharging {unknown}
 i - 2 scrolls of immolation {unknown}
 t - 2 scrolls of remove curse {unknown}
 w - a scroll of enchant weapon {unknown}
Potions
 d - a potion of might
 l - a potion of lignification {unknown}
 n - a potion of agility {unknown}
 p - a potion of resistance {unknown}
 v - 2 potions of brilliance {unknown}
Comestibles
 e - a bread ration
 f - a royal jelly
 m - 2 meat rations


   Skills:
 - Level 3.0 Fighting
 + Level 4.7 Long Blades
 - Level 2.1 Armour
 - Level 2.1 Shields


You had 3 spell levels left.
You didn't know any spells.

Dungeon Overview and Level Annotations

Branches:
Dungeon (4/15)
 Temple: D:4-7

Altars:
Nemelex Xobeh


Innate Abilities, Weirdness & Mutations

You have hooves in place of feet.
Armour fits poorly on your strangely shaped body.
You cover ground very quickly.
You have extremely tough skin (AC +3).


Message History

You swing at nothing.
You closely miss the orc. The orc hits you but does no damage.
You closely miss the orc. You kick the orc, but do no damage.
The orc barely misses you. The orc hits you with a dagger.
You slash the orc!
You kill the orc!
You slash the ogre!
The ogre is moderately wounded.
The ogre barely misses you.
You hit the ogre. You kick the ogre, but do no damage.
The ogre is moderately wounded.
The ogre hits you with a giant spiked club!
You hit the ogre. You kick the ogre.
The ogre is severely wounded.
The ogre barely misses you.
You barely miss the ogre. You kick the ogre, but do no damage.
The ogre is severely wounded.
The ogre hits you with a giant spiked club!!
Ouch! That really hurt!
You die...

###### ##....###
#.####.......#######
...o..)..o...(.....#####
...######O#(.(..........
#@######...#### #.#
#...........
###..##.###.######
......#)###.#
#.......#.###
.####...........
.......<.....###
....###......# ...
#....#.#


You could see an ogre and an orc.

Vanquished Creatures
  8 adders
  An ooze (D:1)
  A worm (D:2)
  3 giant geckos
  5 orcs (D:4)
  8 hobgoblins
  2 ball pythons (D:3)
  3 bats
  3 giant cockroaches
  2 giant newts (D:2)
  9 goblins
  7 kobolds
  5 rats
57 creatures vanquished.

Notes
Turn   | Place    | Note
--------------------------------------------------------------
     0 | D:1      | onwiheg the Centaur Fighter began the quest for the Orb.
     0 | D:1      | Reached XP level 1. HP: 19/19 MP: 1/1
   441 | D:1      | Reached XP level 2. HP: 17/26 MP: 0/2
   789 | D:2      | Reached XP level 3. HP: 28/31 MP: 3/3
  1433 | D:3      | Reached XP level 4. HP: 22/38 MP: 2/4
  1472 | D:3      | Reached skill level 4 in Long Blades
  1554 | D:3      | Found a sparkling altar of Nemelex Xobeh.
  2197 | D:4      | Noticed an ogre
  2212 | D:4      | Slain by an ogre

Vault maps used:
D:1:      tarquinn_simple_flora_water_c
D:2:      corexii_leaking_fountain
D:3:      grunt_ministairs_12, nemelex_xobeh_ov_fountains_minmay
D:4:      minmay_temple_entry_glass

Action                   |  1- 3 |  4- 6 || total
-------------------------+-------+-------++-------
Melee: Long sword        |   114 |    74 ||   188
  Eat: Chunk             |       |     3 ||     3
